 Dungeon Crawl Stone Soup version 0.27.1-34-g3ba077fa99 (webtiles) character file.

Game seed: 13968892463688252418

40 Gabide the Skirmisher (level 3, 0/29 HPs)
             Began as a Human Monk on Jan 24, 2022.
             Slain by Terence (3 damage)
             ... on level 2 of the Dungeon.
             The game lasted 00:02:42 (2119 turns).

Gabide the Skirmisher (Human Monk)                  Turns: 2119, Time: 00:02:43

Health: 0/29       AC:  2    Str: 11    XL:     3   Next: 72%
Magic:  3/3        EV: 13    Int: 10    God:
Gold:   84         SH:  0    Dex: 16    Spells: 2/2 levels left

rFire    . . .     SeeInvis .   a - +1 mace
rCold    . . .     Faith    .   (no shield)
rNeg     . . .     Spirit   .   b - +0 robe
rPois    .         Reflect  .   (no helmet)
rElec    .         Harm     .   (no cloak)
rCorr    .         Rampage  .   (no gloves)
Will     .....                  (no boots)
Stlth    ++........             (no amulet)
HPRegen  0.09/turn              (no ring)
MPRegen  0.08/turn              (no ring)

@: no status effects
A: no striking features
a: no special abilities


You were on level 2 of the Dungeon.
You visited 1 branch of the dungeon, and saw 3 of its levels.

You collected 84 gold pieces.

Inventory:

Hand Weapons
 a - a +1 mace (weapon)
Armour
 b - a +0 robe (worn)
Potions
 h - a potion of cancellation


   Skills:
 * Level 3.5 Fighting
 + Level 3.4 Maces & Flails
 * Level 3.4 Dodging
 + Level 2.1 Stealth


You had 2 spell levels left.
You didn't know any spells.
Your spell library contained the following spells:

 Spells                   Type           Power      Damage    Failure   Level
 Passwall                 Tmut/Erth      0%         N/A       50%         2
 Sublimation of Blood     Necr           0%         N/A       50%         2
 Swiftness                Air            0%         N/A       75%         3
 Petrify                  Tmut/Erth      0%         N/A       98%         4
 Irradiate                Conj/Tmut      0%         3d14      100%        5
 Invisibility             Hex            0%         N/A       100%        6


Dungeon Overview and Level Annotations

Branches:
Dungeon (3/15)

Altars:

Annotations:
D:2 Terence


Message History

Unknown command.
Unknown command.
You see here 10 arrows.
Terence appears from thin air!
Reactivating autopickup.
You closely miss Terence.
Terence hits you with a +2 hand axe of holy wrath.
You hit Terence but do no damage. Terence closely misses you.
Terence completely misses you.
You hit Terence but do no damage.
Terence hits you with a +2 hand axe of holy wrath!
* * * LOW HITPOINT WARNING * * *
It was a potion of lignification.
You turn into a tree.
Your +0 robe melds into your body.
Your roots penetrate the ground.
Terence hits you with a +2 hand axe of holy wrath.
* * * LOW HITPOINT WARNING * * *
You thump Terence!
Terence is moderately wounded.
Terence hits you but does no damage.
You hit Terence.
Terence is heavily wounded.
Terence hits you but does no damage.
You hit Terence.
Terence is heavily wounded.
Terence hits you but does no damage.
Terence hits you with a +2 hand axe of holy wrath.
* * * LOW HITPOINT WARNING * * *
It was a potion of haste.
You feel yourself speed up. Terence hits you but does no damage.
It was a potion of cancellation.
Your magical effects are unravelling.
You feel magically purged.
You feel less wooden.
Your +0 robe unmelds from your body.
You feel yourself slow down.
You hit Terence but do no damage.
Terence is heavily wounded.
Terence misses you.
Terence hits you with a +2 hand axe of holy wrath.
You die...

#.# #.###.###...##.#.#####
#.# #.# #.# #.#....#.##...
#.###.###.###.#.##.#.##.##
#.............#.##.#.##.#
#######.#######......##.##
#.# #.##....(#.. #.#
#.###.(.###.
#.#######......## ##
#..@@.....###.## #
##.##.##### #..## ##
#.##...# #.#.###.
#.####.## #.#..#.#
#.###.#.####.#.....
#....###.....######
#####.#.###### # ###.## #
#...# #


You could see Terence.

Vanquished Creatures
  2 dart slugs (D:1)
  4 bats (D:1)
  2 endoplasms
  A giant cockroach (D:1)
  5 goblins (D:1)
  3 hobgoblins (D:1)
  3 jackals (D:2)
  2 quokkas (D:1)
  2 ball pythons (D:1)
  3 frilled lizards (D:1)
  5 kobolds (D:2)
  A rat (D:2)
33 creatures vanquished.

Notes
Turn   | Place    | Note
-------+----------+-------------------------------------------
     0 | D:1      | Gabide the Human Monk began the quest for the Orb.
     0 | D:1      | Reached XP level 1. HP: 18/18 MP: 1/1
   154 | D:1      | Reached XP level 2. HP: 19/24 MP: 2/2
   595 | D:1      | Reached XP level 3. HP: 29/29 MP: 3/3
  1896 | D:2      | Found a faded altar of an unknown god.
  2060 | D:3      | Noticed Terence
  2119 | D:2      | Slain by Terence

Illustrated notes

Levels and vault maps discovered:
D:1:      dpeg_arrival_tiny_c, layout_rooms, hangedman_decor_clover_reticule
D:2:      layout_loops_ring, ebering_ecumenical_altar_sacrificial,
          amcnicky_mini_pool_small
D:3:      layout_basic, mainiacjoe_overflow_concentric_impassable,
          chequers_temple_overflow_minitemple, serial_glass, glass_columns_b,
          glass_columns_c, due_unseen_surprise, minmay_strange_pillars,
          feat_on_display, uniq_terence

Action                   || total
-------------------------++-------
Melee: Mace              ||   107
  Use: Scroll            ||     7
       Potion            ||     3
 Stab: Sleeping          ||     3
Armor: Robe              ||    23
       Skin              ||     4
Dodge: Dodged            ||    77
